 Dungeon Sprint DCSS version 0.30-a0-953-g5f1da4a474 (webtiles) character file.

Game seed: 11998557776725029158

2800000 fozzywoppz the Conqueror (level 17, -49/191 HPs)
             Began as a Demigod Gladiator on Mar 28, 2023.
             Annihilated by a meat berserker
             ... wielding a +9 battleaxe
              (56 damage)
             ... in the Dungeon (Sprint VIII: "Arena of Blood").
             The game lasted 00:02:02 (28 turns).

fozzywoppz the Conqueror (Demigod Gladiator)          Turns: 28, Time: 00:02:03

Health: -49/191    AC:  8    Str: 35    XL:     17   Next: 79%
Magic:  19/34      EV: 27    Int: 10    God:
Gold:   0          SH:  0    Dex: 15    Spells: 33/33 levels left

rFire   . . .      SeeInvis .    l - +∞ Axe of Woe
rCold   . . .      Faith    .    (shield currently unavailable)
rNeg    . . .      Spirit   .    b - +0 leather armour
rPois   .          Reflect  .    c - +0 helmet
rElec   .          Rampage  .    (no cloak)
rCorr   .          NoTele   +    (no gloves)
Will    +....                    (no boots)
Stlth   ++++                     (no amulet)
HPRegen 0.51/turn                m - +30 ring of slaying
MPRegen 0.24/turn                n - +30 ring of slaying

@: no status effects
A: high MP 1, forlorn, divine attributes
a: no special abilities


You were in the Dungeon.
You visited 1 branch

Inventory:

Hand Weapons
 a - a +0 war axe
 l - the +∞ Axe of Woe (weapon)
   (You found it in the Dungeon)
Missiles
 d - 3 throwing nets (quivered)
 e - a javelin
Armour
 b - a +0 leather armour (worn)
 c - a +0 helmet (worn)
Jewellery
 m - a +30 ring of slaying (left hand)
 n - a +30 ring of slaying (right hand)
Scrolls
 k - a scroll of blinking
Potions
 f - a potion of curing
 h - a potion of haste
 i - 2 potions of magic
 j - a potion of berserk rage


   Skills:
 O Level 27 Fighting
 + Level 19.0 Axes
 O Level 27 Throwing
 O Level 27 Armour
 O Level 27 Dodging
 + Level 10.2 Stealth
 + Level 9.4 Unarmed Combat
 + Level 8.6 Spellcasting


You had 33 spell levels left.
You didn't know any spells.
Your spell library was empty.

Dungeon Overview and Level Annotations

Branches:
Dungeon (1/1)


Innate Abilities, Weirdness & Mutations

You have an increased reservoir of magic. (+10% MP)
You shall have no god before yourself.
Your divine heritage dramatically boosts your attributes as you level up.


Message History

You hear a shout! x2
The large bag of meat moves out of view.
You hear two shouts!
You open the bag of meat like a pillowcase!!!!
You cleave the bag of meat in twain.
You kill the bag of meat!
You dice the meat berserker like an onion!!!!
You dissect the meat berserker like a pig carcass.
You kill the meat berserker!
You hear two shouts!
You hear a shout! x4
The meat berserker is engulfed in blazing flames.
You hear a shout! x3
The destroyer gestures at you while chanting.
The destroyer blinks!
The meat berserker barely misses you.
The destroyer gestures at you while chanting.
The destroyer blinks!
Your Axes skill gained 2 levels and is now at level 19!
Your Stealth skill gained 7 levels and is now at level 10!
Your Unarmed Combat skill gained 6 levels and is now at level 9!
Your Spellcasting skill gained 5 levels and is now at level 8!
You dice the meat berserker like an onion!!!
You dissect the meat berserker like a pig carcass.
You kill the meat berserker!
You slice the large bag of meat!!
Flame seeps out of the large bag of meat.
You cleave the large bag of meat in twain.
The large bag of meat explodes!
The fiery explosion engulfs the bag of meat!!
The fiery explosion engulfs you!!
* * * LOW HITPOINT WARNING * * *
You are engulfed in blazing flames.
* * * LOW HITPOINT WARNING * * *
You hear a shout! x2; You hear a roar!
You hear a shout! x3
The meat berserker is engulfed in blazing flames.
You hear a shout! x2
The bag of meat is engulfed in blazing flames.
A bag of meat comes into view. It is wielding a +9 war axe.
The large bag of meat is engulfed in blazing flames.
The meat berserker hits you with a +9 battleaxe!!!
You die...

... ... #... ..#
. #... ..# .
..###... o.###..
......)###......
......)§§○......
.....#.☼o☼.#....
... #_)☼§_# . .
#@OO..#
#..V.oo§.V......
.....o§§###......
...###... ..###..
.. #... ..# .
#.... ..# .....
... ......


You could see 2 destroyers, a large bag of meat (inner flame), a meat berserker
(berserk) and 5 bags of meat.

Vanquished Creatures
  A vampire knight (D)
  10 ogres (D)
  2 two-headed ogres (D)
  11 orcs (D)
24 creatures vanquished.

Notes
Turn   | Place    | Note
-------+----------+-------------------------------------------
     0 | D        | Found the +∞ Axe of Woe
     0 | D        | fozzywoppz the Demigod Gladiator began the quest for the
                  | Orb.
     0 | D        | Reached XP level 1. HP: 17/17 MP: 3/3
     1 | D        | Noticed a bag of meat
     2 | D        | Noticed a bag of meat
     2 | D        | Noticed a bag of meat
     2 | D        | Noticed a bag of meat
     3 | D        | Killed a bag of meat
     3 | D        | Noticed a bag of meat
     3 | D        | Noticed a bag of meat
     4 | D        | Reached skill level 10 in Armour
     4 | D        | Reached XP level 2. HP: 40/40 MP: 4/4
     4 | D        | Reached XP level 3. HP: 47/47 MP: 5/5
     4 | D        | Reached XP level 4. HP: 55/55 MP: 6/6
     4 | D        | Reached XP level 5. HP: 60/60 MP: 7/7
     4 | D        | Reached XP level 6. HP: 68/68 MP: 8/8
     4 | D        | Reached XP level 7. HP: 74/74 MP: 9/9
     4 | D        | Reached XP level 8. HP: 82/82 MP: 10/10
     4 | D        | Reached XP level 9. HP: 89/89 MP: 11/11
     4 | D        | Reached XP level 10. HP: 95/95 MP: 13/13
     4 | D        | Noticed a bag of meat
     4 | D        | Noticed a bag of meat
     7 | D        | Noticed a bag of meat
     7 | D        | Noticed a bag of meat
     8 | D        | Killed a bag of meat
     8 | D        | Noticed a meat berserker
     8 | D        | Noticed a meat berserker
     9 | D        | Reached XP level 11. HP: 105/105 MP: 14/14
     9 | D        | Killed a bag of meat
     9 | D        | Killed a bag of meat
     9 | D        | Noticed a bag of meat
     9 | D        | Noticed a meat berserker
    10 | D        | Reached XP level 12. HP: 118/118 MP: 15/15
    11 | D        | Noticed a meat berserker
    12 | D        | Killed a bag of meat
    12 | D        | Killed a bag of meat
    12 | D        | Killed a meat berserker
    13 | D        | Reached XP level 13. HP: 132/132 MP: 16/16
    13 | D        | Reached XP level 14. HP: 140/140 MP: 17/17
    14 | D        | Killed a meat berserker
    14 | D        | Killed a meat berserker
    15 | D        | Reached XP level 15. HP: 157/157 MP: 18/18
    15 | D        | Killed a meat berserker
    15 | D        | Noticed a meat berserker
    16 | D        | Noticed a meat berserker
    17 | D        | Noticed a large bag of meat
    18 | D        | Noticed a meat berserker
    18 | D        | Killed a meat berserker
    19 | D        | Reached XP level 16. HP: 135/172 MP: 19/19
    21 | D        | Killed a meat berserker
    21 | D        | Noticed a destroyer
    21 | D        | Noticed a large bag of meat
    22 | D        | Killed a large bag of meat
    23 | D        | Noticed a destroyer
    23 | D        | Noticed a meat berserker
    23 | D        | Noticed a meat berserker
    23 | D        | Noticed a meat berserker
    24 | D        | Killed a destroyer
    24 | D        | Killed a meat berserker
    24 | D        | Killed a meat berserker
    24 | D        | Noticed a meat berserker
    24 | D        | Noticed a destroyer
    25 | D        | Reached skill level 27 in Fighting
    25 | D        | Reached skill level 27 in Throwing
    25 | D        | Reached skill level 27 in Armour
    25 | D        | Reached skill level 27 in Dodging
    25 | D        | Reached XP level 17. HP: 29/191 MP: 19/25
    26 | D        | Noticed a large bag of meat
    27 | D        | Killed a meat berserker
    28 | D        | Reached skill level 10 in Stealth
    28 | D        | Killed a meat berserker
    28 | D        | Killed a large bag of meat
    28 | D        | HP: 6/191 [something (14)]
    28 | D        | Annihilated by a meat berserker

Illustrated notes

Levels and vault maps discovered:
D:        meatsprint

Skill      XL: |  1  2  3  4  5  6  7  8  9 10 11 12 13 14 15 16 17 |
---------------+----------------------------------------------------+-----
Fighting       | 11 12 14 17 20 23 27 | 27.0
Axes           | 11 12 14 17 19 | 19.0
Throwing       | 11 12 14 17 20 23 27 | 27.0
Armour         | 10 12 14 17 20 23 27 | 27.0
Dodging        | 11 12 14 17 20 23 27 | 27.0
Stealth        | 3 10 | 10.2
Unarmed Combat | 3 9 |  9.4
Spellcasting   | 3 8 |  8.6

Action                     |  1- 3 |  4- 6 |  7- 9 | 10-12 | 13-15 | 16-18 || total
---------------------------+-------+-------+-------+-------+-------+-------++-------
  Melee: Executioner's axe |     1 |       |       |     3 |     4 |     5 ||    13
    Use: Potion            |       |       |       |       |       |     1 ||     1
 Armour: Leather armour    |       |       |       |     1 |       |       ||     1
  Dodge: Dodged            |       |       |       |     1 |       |     1 ||     2

Table legend: (Time is in decaauts)
 A = Elapsed time spent in this place.
 B = Non-inter-level travel time spent in this place.
 C = Inter-level travel time spent in this place.
 D = Time resting spent in this place.
 E = Time spent auto-exploring this place.
 F = Levels seen in this place.
 G = Mean time per level.
                   A        B        C        D        E       F      G
               +--------+--------+--------+--------+--------+-----+--------+
         Total |     28 |     28 |      0 |      0 |      0 |   1 |   28.0 |
       Dungeon |     28 |     28 |      0 |      0 |      0 |   1 |   28.0 |
               +--------+--------+--------+--------+--------+-----+--------+

Top non-repeatable levels by time:
       D: 28 daAuts
